 Dungeon Crawl Stone Soup version 0.31-a0-826-ga5cc291a1b (webtiles) character file.

Game seed: 3975740432064227461

184 qw the Shooter (level 5, -2/32 HPs)
             Began as a Gargoyle Hunter on Sept 23, 2023.
             Slain by a black bear (3 damage)
             ... on level 4 of the Dungeon.
             The game lasted 00:00:52 (2025 turns).

qw the Shooter (Gargoyle Hunter)                    Turns: 2025, Time: 00:00:53

Health: -2/32      AC:  8    Str: 14    XL:     5   Next: 64%
Magic:  5/5        EV: 11    Int: 10    God:
Gold:   131        SH:  0    Dex: 15    Spells: 4/4 levels left

rFire   . . .        Y - +1 shortbow
rCold   . . .        (shield currently unavailable)
rNeg    + . .        c - +0 leather armour
rPois   inf          b - +0 helmet
rElec   +            (no cloak)
rCorr   .            (no gloves)
SInv    .            (no boots)
Will    .....        (no amulet)
Stlth   ++           (no ring)
HPRegen 0.25/turn    (no ring)
MPRegen 0.09/turn

%: no passive effects
@: about to teleport
A: sickness immunity, AC +4, negative energy resistance 1, electricity
resistance, torment resistance 1, petrification resistance
a: no special abilities


You were on level 4 of the Dungeon.
You visited 1 branch of the dungeon, and saw 4 of its levels.

You collected 131 gold pieces.


Innate Abilities, Weirdness & Mutations

You are immune to sickness and miasma.
Your stone body is resilient. (AC +4)
You are immune to poison.
You resist negative energy. (rN+)
You are resistant to electric shocks. (rElec)
You are resistant to unholy torment.
You are immune to petrification.


   Skills:
 + Level 3.2 Fighting
 - Level 6.0 Ranged Weapons
 - Level 1.6 Armour
 - Level 1.5 Dodging
 - Level 1.1 Stealth


You had 4 spell levels left.
You didn't know any spells.
Your spell library was empty.

Inventory:

Hand Weapons
 Y - a +1 shortbow (weapon)
Armour
 b - a +0 helmet (worn)
 c - a +0 leather armour (worn)
 f - a +0 ring mail
Scrolls
 a - a scroll of teleportation
Potions
 d - a potion of invisibility {unknown}
 e - a potion of attraction {unknown}
 g - a potion of might {unknown}

Dungeon Overview and Level Annotations

Branches:
Dungeon (4/15)
 Temple: D:4-7

Altars:


Message History

The black bear bites you but does no damage.
The black bear claws you. x2
You shoot an arrow. The arrow barely misses the black bear.
The black bear barely misses you.
The black bear claws you but does no damage.
The black bear barely misses you.
The black bear bites you but does no damage.
The black bear claws you but does no damage. x2
You shoot an arrow.
The arrow hits the black bear but does no damage.
The black bear is severely wounded.
The black bear bites you!
The black bear claws you but does no damage.
The black bear claws you.
You shoot an arrow. The arrow hits the black bear.
The black bear is almost dead.
The black bear barely misses you. The black bear claws you.
The black bear claws you but does no damage.
The black bear bites you but does no damage.
The black bear claws you. The black bear closely misses you.
2023 ||| READING 2 scrolls of teleportation.
As you read the scroll of teleportation, it crumbles to dust.
You feel strangely unstable.
The black bear bites you but does no damage.
The black bear claws you but does no damage.
The black bear closely misses you.
You shoot an arrow.
The arrow hits the black bear but does no damage.
The black bear is almost dead.
The black bear bites you but does no damage.
The black bear misses you.
The black bear claws you but does no damage.
The black bear bites you. The black bear completely misses you.
The black bear claws you.
You shoot an arrow. The arrow barely misses the black bear.
The black bear bites you but does no damage.
The black bear closely misses you.
The black bear claws you but does no damage.
The black bear bites you.
You die...

...........###)# ....
...........###.##.....
......#...#............
......##..#####)##.....
......##.......).......
..........#.....#####..
.................... .
......#...####....##
....[..@............
/......h##.##...[....
......#.##.###.....#..
.....##.##.# ...##.|..
..... #%##.# ....
#..... ... #..... ...
...... #....


You could see a black bear (berserk).

Vanquished Creatures
  An orc priest (D:3)
  Jessica (D:3)
  An orc wizard (D:4)
  2 adders
  2 worms (D:2)
  A dart slug (D:2)
  8 orcs
  5 ball pythons
  5 bats
  8 endoplasms
  6 giant cockroaches
  6 goblins
  5 hobgoblins
  3 quokkas
  3 frilled lizards
  7 kobolds
  4 rats
68 creatures vanquished.

Notes
Turn   | Place    | Note
-------+----------+-------------------------------------------
     0 | D:1      | qw the Gargoyle Hunter began the quest for the Orb.
     0 | D:1      | Reached XP level 1. HP: 12/12 MP: 1/1
     0 | D:1      | 0 ||| qw: Version: 0.3-a-83-gcd0e7d8
     0 | D:1      | 0 ||| qw: Game counter: 1850
     0 | D:1      | 0 ||| qw: Melee chars always use a shield: true
     0 | D:1      | 0 ||| qw: God list: Okawaru
     0 | D:1      | 0 ||| qw: Allow faded altars: false
     0 | D:1      | 0 ||| qw: Do Orc after clearing Dungeon:15 true
     0 | D:1      | 0 ||| qw: Do second Lair branch before Depths: true
     0 | D:1      | 0 ||| qw: Lair rune preference: random
     0 | D:1      | 0 ||| qw: Goals: Normal
     0 | D:1      | 0 ||| PLANNING D:1-11
    92 | D:1      | Reached XP level 2. HP: 17/17 MP: 2/2
   305 | D:1      | Reached XP level 3. HP: 21/21 MP: 3/3
   448 | D:1      | Reached skill level 5 in Ranged Weapons
   448 | D:1      | Found a faded altar of an unknown god.
   530 | D:1      | 530 ||| DROPPING scarf of harm.
   531 | D:1      | 531 ||| DROPPING +6 ring of intelligence.
   532 | D:1      | 532 ||| READING 2 scrolls labelled DUPNAS WOVOPN.
   535 | D:1      | 535 ||| READING scroll labelled ITOAWN NOONEBOU.
   536 | D:1      | 536 ||| DROPPING scroll of butterflies.
   571 | D:2      | 571 ||| STAIRDANCE
   584 | D:2      | 584 ||| STAIRDANCE
   808 | D:2      | Reached skill level 3 in Fighting
   873 | D:2      | Reached XP level 4. HP: 27/28 MP: 4/4
  1142 | D:2      | 1142 ||| UPGRADING to +0 helmet.
  1147 | D:2      | 1147 ||| READING 2 scrolls labelled EMICUX BELATAMOGI.
  1148 | D:2      | 1148 ||| DRINKING 2 bubbling red potions.
  1253 | D:2      | 1253 ||| DROPPING scroll of fear.
  1254 | D:2      | 1254 ||| DROPPING potion of berserk rage.
  1367 | D:3      | Identified the +6 kite shield of Resonance {rF+ rC+ rN+
                  | rCorr Str+3}
  1469 | D:3      | Noticed Jessica
  1474 | D:3      | Killed Jessica
  1808 | D:3      | Reached XP level 5. HP: 32/32 MP: 5/5
  1812 | D:3      | Reached skill level 6 in Ranged Weapons
  1864 | D:3      | 1864 ||| READING scroll labelled LEBRUO BIEWN.
  1918 | D:4      | Reached skill level 1 in Armour
  2012 | D:4      | Noticed a black bear
  2022 | D:4      | HP: 6/32 [black bear (3)]
  2023 | D:4      | 2023 ||| READING 2 scrolls of teleportation.
  2024 | D:4      | HP: 2/32 [black bear (5)]
  2025 | D:4      | Slain by a black bear

Levels and vault maps discovered:
D:1:      spicycebolla_arrival_xxxplode, layout_basic,
          shapermc_ecumenical_altar_mp_highgroup
D:2:      layout_rooms
D:3:      layout_basic, uniq_jessica
D:4:      layout_rooms

Skill      XL: |  1  2  3  4  5 |
---------------+----------------+-----
Ranged Weapons | 5 6 |  6.0
Fighting       | 3 |  3.2
Armour         | 1 |  1.6
Dodging        | |  1.5
Stealth        | |  1.1

Action                     |  1- 3 |  4- 6 || total
---------------------------+-------+-------++-------
   Fire: Shortbow          |   105 |    93 ||   198
    Use: Scroll            |     2 |     3 ||     5
         Potion            |       |     1 ||     1
 Armour: Leather armour    |    24 |    66 ||    90
  Dodge: Dodged            |    14 |    30 ||    44

Table legend:
 A = Non-vault XP
 B = Vault XP
 C = Vault XP percentage of total XP
 D = Non-vault monster count
 E = Vault monster count
 F = Vault count percentage of total count
                 A         B        C        D         E       F
            +---------+---------+-------+---------+---------+-------
      Total |     227 |      37 |  14.0 |      67 |       1 |   1.5
            +---------+---------+-------+---------+---------+-------
        D:1 |      41 |       0 |   0.0 |      24 |       0 |   0.0
        D:2 |      47 |       0 |   0.0 |      16 |       0 |   0.0
        D:3 |      91 |      37 |  28.9 |      21 |       1 |   4.5
        D:4 |      48 |       0 |   0.0 |       6 |       0 |   0.0
            +---------+---------+-------+---------+---------+-------
